AoeStats
← taki英语课睡觉

African Clearing

510308564Analyzed
4v4 RM · 3d ago on Sep 30, 2026· 49m 51s· 8 players
Game mode
Random Map
Map size
Large (8 player)
Population
200
Speed
Normal
Resources
Standard
Victory
Conquest
Starting age
Dark Age
Ending age
Imperial Age
RankedLock teamsTeams togetherTeam positionsShared explorationLock speedFull tech treeHidden civsTurbo modeCheats
Victory
Defeat
1232
+15
🇭🇰 Vietnamese · Hong Kong SAR China
1211
+16
🇭🇰 Chinese · Hong Kong SAR China
1161
+18
🇨🇳 Bulgarians · China
1049
+24
🇯🇵 Hindustanis · Japan
1240
-19
🇨🇳 Magyars · China
1221
-19
🇨🇳 Franks · China
1204
-18
🇨🇳 Spanish · China
1184
-17
subaru
13:12 Feudal Age
13:29 Man-at-Arms
14:22 Arson
24:37 Castle Age
23:24 Double-Bit Axe
24:59 Stone Mining
26:28 Fletching
28:00 Loom
34:28 Forging
38:37 Scale Mail Armor
苹果砸死牛顿
3:48 Loom
14:22 Feudal Age
16:37 Double-Bit Axe
16:35 Horse Collar
19:46 Castle Age
18:40 Gold Mining
22:09 Bow Saw
25:37 Fletching
26:46 Bodkin Arrow
27:29 Padded Archer Armor
30:59 Wheelbarrow
32:18 Ballistics
33:18 Heavy Plow
33:11 Stone Mining
40:02 Imperial Age
39:34 Husbandry
39:45 Bloodlines
40:42 Corvinian Army
41:29 Conscription
KJI
5:48 Loom
14:16 Feudal Age
17:38 Castle Age
24:08 Horse Collar
24:30 Double-Bit Axe
29:46 Fletching
34:14 Grand Trunk Road
35:22 Bow Saw
36:28 Wheelbarrow
38:34 Heavy Plow
39:36 Stone Mining
39:37 Gold Mining
40:12 Scale Mail Armor
43:36 Imperial Age
42:32 Chain Mail Armor
42:28 Forging
42:51 Bodkin Arrow
44:41 Iron Casting
44:43 Conscription
48:22 Man-at-Arms
48:45 Pikeman
yangyang
15:00 Feudal Age
17:57 Loom
20:18 Castle Age
18:33 Scale Barding Armor
19:40 Bloodlines
22:03 Chain Barding Armor
24:44 Forging
28:42 Horse Collar
34:23 Double-Bit Axe
35:19 Wheelbarrow
39:20 Gold Mining
39:20 Stone Mining
40:23 Hand Cart
42:58 Imperial Age
42:25 Heavy Plow
42:51 Husbandry
43:09 Town Watch
43:05 Cavalier
45:15 Chemistry
44:57 Plate Barding Armor
44:58 Iron Casting
49:58 Blast Furnace
49:02 Padded Archer Armor
三七开
3:42 Loom
12:48 Feudal Age
16:51 Castle Age
15:47 Double-Bit Axe
17:44 Fletching
21:39 Bodkin Arrow
24:08 Town Watch
25:15 Padded Archer Armor
29:40 Leather Archer Armor
31:18 Ballistics
34:09 Wheelbarrow
33:19 Horse Collar
46:36 Imperial Age
46:11 Bow Saw
46:20 Hand Cart
46:26 Hand Cart
47:18 Bracer
48:27 Chemistry
47:31 Elite Chu Ko Nu
48:32 Conscription
48:53 Ring Archer Armor
49:45 Two-Man Saw
以前我带你们游牧
11:15 Loom
13:28 Feudal Age
14:29 Double-Bit Axe
17:19 Castle Age
15:37 Horse Collar
17:39 Town Watch
18:19 Bow Saw
22:53 Wheelbarrow
23:06 Bloodlines
25:08 Husbandry
26:42 Hand Cart
28:59 Ballistics
30:27 Fletching
30:44 Scale Barding Armor
30:30 Fletching
34:51 Imperial Age
32:31 Grand Trunk Road
32:43 Forging
32:33 Scale Mail Armor
32:36 Gold Mining
33:40 Scale Mail Armor
34:15 Iron Casting
34:46 Chain Mail Armor
34:33 Squires
34:18 Arson
33:54 Man-at-Arms
34:57 Stone Mining
35:45 Gold Shaft Mining
36:45 Blast Furnace
36:42 Conscription
36:10 Elite Ghulam
37:42 Stone Shaft Mining
39:48 Two-Man Saw
38:52 Heavy Plow
41:26 Chemistry
41:51 Shatagni
42:01 Padded Archer Armor
42:22 Chain Barding Armor
42:40 Hoardings
43:13 Heavy Camel Rider
44:29 Plate Barding Armor
43:52 Bodkin Arrow
44:12 Leather Archer Armor
44:09 Masonry
44:31 Coinage
46:09 Banking
45:36 Imperial Camel Rider
46:18 Bracer
46:49 Ring Archer Armor
传送nguloko
15:26 Feudal Age
18:50 Loom
20:34 Wheelbarrow
31:04 Castle Age
45:21 Hand Cart
51:13 Imperial Age
taki英语课睡觉
6:12 Loom
6:19 Loom
13:01 Feudal Age
13:06 Feudal Age
17:49 Castle Age
16:50 Fletching
17:35 Gold Mining
17:37 Stone Mining
29:52 Bodkin Arrow
48:12 Gold Mining
49:03 Stone Shaft Mining
Connection lost

Rejoining the realm…

Still unreachable

The connection could not be restored.

Session expired

The server has moved on; the page needs a fresh start.